 Dungeon Crawl Stone Soup version 0.19-a0-1920-g83281cb (webtiles) character file.

421 varam the Ruffian (level 6, -6/59 HPs)
             Began as a Troll Monk on Oct 23, 2016.
             Mangled by a gnoll
             ... wielding a +0 halberd
              (10 damage)
             ... on level 5 of the Dungeon.
             The game lasted 00:03:28 (1899 turns).

varam the Ruffian (Troll Monk)                      Turns: 1899, Time: 00:03:28

Health: -6/59      AC:  5    Str: 20    XL:     6   Next: 62%
Magic:  5/5        EV: 10    Int:  6    God:
Gold:   217        SH:  0    Dex: 14    Spells: 0 memorised, 5 levels left

rFire  . . .     SeeInvis .       - Unarmed
rCold  . . .     Gourm    +     a - +0 robe
rNeg   . . .     Faith    .     (no shield)
rPois  .         Spirit   .     (helmet restricted)
rElec  .         Reflect  .     (no cloak)
rCorr  .         Harm     .     (gloves unavailable)
MR     .....                    (boots unavailable)
Stlth  ++........               (no amulet)
                                (no ring)
                                (no ring)

@: slowed, very slow
A: unfitting armour, claws 3, fast metabolism 3, gourmand, regeneration 1,
shaggy fur 1, tough skin 2
a: no special abilities


You were on level 5 of the Dungeon.
You were not hungry.

You visited 1 branch of the dungeon, and saw 5 of its levels.

You collected 217 gold pieces.

Inventory:

Armour
 a - a +0 robe (worn)
Jewellery
 i - an uncursed ring of resist corrosion {unknown}
Scrolls
 d - 2 scrolls of immolation {unknown}
 e - 2 scrolls of fear {unknown}
 j - 2 scrolls of remove curse {unknown}
 l - a scroll of magic mapping {unknown}
 m - a scroll of random uselessness {unknown}
 n - 3 scrolls of amnesia {unknown}
 o - a scroll of blinking {unknown}
 p - a scroll of noise {unknown}
 q - a scroll of identify {unknown}
 r - 2 scrolls of enchant weapon {unknown}
 t - a scroll of summoning {unknown}
Potions
 c - 2 potions of lignification {unknown}
 k - a potion of haste {unknown}
 s - a potion of degeneration {unknown}
Books
 h - a book of Maledictions

   Spells                             Type                      Level
   a - Corona                         Hexes                        1
   b - Ensorcelled Hibernation        Hexes/Ice                    2
   c - Confuse                        Hexes                        3
   d - Tukima's Dance                 Hexes                        3
   e - Dazzling Spray                 Conjuration/Hexes            3
Comestibles
 b - 3 bread rations
 f - 2 beef jerkies
 g - 2 slices of pizza
 u - 3 fruits


   Skills:
 - Level 2.4 Fighting
 - Level 2.4 Dodging
 - Level 1.0 Stealth
 + Level 7.6 Unarmed Combat


You had 5 spell levels left.
You didn't know any spells.

Dungeon Overview and Level Annotations

Branches:
Dungeon (5/15)
 Temple: D:4-7

Altars:
Ru
Uskayaw

Shops:
D:4 [[

Annotations:
D:4 Dowan, Duvessa


Innate Abilities, Weirdness & Mutations

You are too large for most types of armour.
You have claws for hands.
Your metabolism is lightning-fast.
You like to eat raw meat.
Your natural rate of healing is unusually fast.
You are covered in fur. (AC +1)
You have very tough skin. (AC +2)


Message History

The gnoll is severely wounded.
The orc wizard gestures wildly while chanting.
The orc wizard seems to speed up.
The gnoll misses you.
You scratch the gnoll.
You kill the gnoll!
The gnoll shouts!
The orc wizard casts a spell.
The orc wizard seems to speed up.
The orc wizard points at you and mumbles some strange words.
You feel yourself slow down.
The orc wizard mumbles some strange words.
The orc wizard blinks!
The orc wizard points at you and mumbles some strange words.
The puff of flame hits you!
* * * LOW HITPOINT WARNING * * *
The orc wizard begins to cast a cantrip, but forgets the words!
The orc wizard hits you with a dagger.
* * * LOW HITPOINT WARNING * * *
The gnoll hits you from afar with a halberd!
You die...

########
#..@...#
#.)oo..#
#...g(.#
#.รท....#
###..o...# #
#....g...#
#...#......#
##..##..o...#
............#


You could see 2 orc wizards, 2 gnolls and 2 orcs.

Vanquished Creatures
  A phantom (D:4)
  A scorpion (D:5)
  A hound (D:4)
  An orc priest (D:3)
  Jessica (D:2)
  Ijyb (D:2)
  Terence (D:2)
  A worker ant (D:4)
  A hound skeleton (D:4)
  A worker ant zombie (D:5)
  3 adders
  3 gnolls (D:5)
  A worm (D:4)
  A dart slug (D:4)
  2 leopard geckos
  3 orcs (D:3)
  A ball python (D:2)
  2 giant cockroaches
  2 goblins
  4 hobgoblins
  3 quokkas (D:3)
  A bat (D:2)
  4 frilled lizards
  5 kobolds
  2 rats (D:3)
47 creatures vanquished.

Notes
Turn   | Place    | Note
-------+----------+-------------------------------------------
     0 | D:1      | varam the Troll Monk began the quest for the Orb.
     0 | D:1      | Reached XP level 1. HP: 22/22 MP: 0/0
   367 | D:2      | Reached XP level 2. HP: 21/29 MP: 1/1
   527 | D:2      | Noticed Jessica
   529 | D:2      | Noticed Ijyb
   535 | D:2      | Killed Jessica
   535 | D:2      | Reached skill level 4 in Unarmed Combat
   535 | D:2      | Reached XP level 3. HP: 36/36 MP: 2/2
   537 | D:2      | Killed Ijyb
   537 | D:2      | Reached XP level 4. HP: 44/44 MP: 3/3
   587 | D:2      | Noticed Terence
   589 | D:2      | Reached skill level 5 in Unarmed Combat
   600 | D:2      | Killed Terence
   804 | D:3      | Reached XP level 5. HP: 31/50 MP: 4/4
   922 | D:4      | Reached skill level 6 in Unarmed Combat
   971 | D:3      | Found a sacrificial altar of Ru.
  1314 | D:4      | Found Riah's Armour Boutique.
  1336 | D:4      | Noticed a phantom
  1350 | D:4      | Killed a phantom
  1350 | D:4      | Reached XP level 6. HP: 39/59 MP: 5/5
  1355 | D:4      | Found a hide-covered altar of Uskayaw.
  1437 | D:4      | Reached skill level 7 in Unarmed Combat
  1642 | D:4      | Found Lofuntot's Antique Armour Boutique.
  1642 | D:4      | Noticed Duvessa
  1642 | D:4      | Noticed Dowan
  1659 | D:5      | Entered Level 5 of the Dungeon
  1899 | D:5      | Mangled by a gnoll

Vault maps used:
D:1:      matt_arrival_grand_opening, serial_bayou_crossing
D:2:      uniq_iyjb, uniq_terence, uniq_jessica
D:3:      lemuel_statue_altar
D:4:      kennysheep_mini, marbit_many_paths, serial_shops, shop_statue,
          nicolae_shop_overgrown_old_shop, kennysheep_little_box,
          nicolae_shop_trees, first_bread, lemuel_tele_altar, uniq_duvessa

Skill      XL: |  1  2  3  4  5  6 |
---------------+-------------------+-----
Unarmed Combat | 4 5 6 7 |  7.6
Fighting       | |  2.4
Dodging        | |  2.4
Stealth        | |  1.0

Action                   |  1- 3 |  4- 6 || total
-------------------------+-------+-------++-------
Melee: Unarmed           |    26 |    90 ||   116
       Punch             |     1 |     3 ||     4
 Stab: Sleeping          |     1 |     3 ||     4
  Eat: Chunk             |     2 |    10 ||    12
       Bread ration      |       |     1 ||     1
Armor: Robe              |     2 |    23 ||    25
Dodge: Dodged            |    10 |    42 ||    52
